Map: Orbital Shipyard

Players

LilDicky - Winner!

  • Race: Terran Terran
  • League: Diamond

djsoke

  • Race: Zerg Zerg
  • League: Platinum

VOD

http://www.twitch.tv/tumescentpie

Description

Time

  • Played on: Dec. 2, 2015, 9:35 a.m.
  • Length: 20:23
Show
View Real Time Build Order
Export as new Build Order

LilDicky Terran - Winner!

Build Orders: Liberator Opening 

Get SALT Encoding   

  12  0:01  SCV  
  13  0:14  SCV  
  13  0:18  Supply Depot  
  14  0:26  SCV  
  15  0:28  Refinery  
  15  0:40  SCV  
  16  0:45  Barracks  
  16  0:52  SCV  
  17  1:05  SCV  
  18  1:17  SCV  
  19  1:29  SCV  
  20  1:33  Reaper  
  21  1:41  Command Center  
  21  1:50  Orbital Command  
  21  2:00  Factory  
  21  2:04  Refinery  
  21  2:15  Barracks Tech Lab  
  21  2:19  Supply Depot  
  21  2:20  SCV  
  22  2:37  Marine  
  23  3:15  SCV, Starport  
  23  3:16  Orbital Command  
  23  3:19  Barracks Reactor  
  24  3:23  Siege Tank  
  27  3:27  SCV  
  28  3:39  SCV  
  28  3:40  Liberator  
  29  3:44  SCV  
  29  3:50  Command Center  
  29  3:55  Siege Tank  
  32  4:00  Marine  
  32  4:01  Marine  
  37  4:07  SCV  
  37  4:08  SCV  
  37  4:09  Refinery  
  39  4:19  SCV  
  39  4:21  SCV  
  39  4:22  Marine x2  
  43  4:31  SCV  
  44  4:34  Liberator  
  44  4:39  Supply Depot, Siege Tank  
  47  4:49  Liberator  
  50  4:57  SCV  
  54  5:09  Barracks Reactor  
  54  5:10  Orbital Command  
  54  5:14  SCV x2  
  56  5:15  Refinery  
  56  5:26  SCV x2  
  58  5:29  Siege Tank  
  58  5:35  Liberator  
  61  5:38  SCV x2  
  63  5:50  SCV  
  63  5:51  Orbital Command  
  67  6:09  SCV x2  
  69  6:17  Command Center, Barracks  
  69  6:18  Barracks  
  69  6:21  SCV x2  
  69  6:24  Engineering Bay  
  71  6:26  Engineering Bay  
  71  6:28  Supply Depot  
  71  6:29  SCV  
  72  6:33  SCV  
  72  6:34  SCV  
  74  6:41  SCV  
  75  6:49  SCV x2  
  75  6:53  SCV  
  78  6:55  Refinery x2  
  78  6:57  Marine  
  78  6:58  Siege Tank  
  78  7:01  SCV x2, Marine  
  84  7:03  Terran Infantry Weapons Level 1, Terran Infantry Armor Level 1  
  84  7:05  Barracks Tech Lab x2  
  85  7:10  Supply Depot  
  85  7:14  SCV x2  
  87  7:18  Supply Depot  
  87  7:20  SCV  
  88  7:26  SCV  
  88  7:27  Liberator x2  
  89  7:32  Orbital Command  
  89  7:35  Supply Depot  
  89  7:40  SCV  
  90  7:46  Marine x4  
  90  7:48  Combat Shields, Stimpack  
  100  7:52  Armory  
  100  7:54  Command Center  
  100  7:55  Supply Depot  
  100  7:59  SCV x2  
  100  8:00  SCV x2  
  100  8:01  Barracks  
  100  8:02  Barracks  
  100  8:03  Marine  
  100  8:04  Marine  
  100  8:05  Marauder  
  108  8:11  SCV, Siege Tank  
  108  8:12  SCV  
  113  8:13  Marine  
  72  8:27  Medivac x2  
  114  8:30  Supply Depot, Marine x2  
  114  8:32  Missile Turret  
  114  8:33  Missile Turret  
  120  8:38  Missile Turret  
  120  8:40  Supply Depot  
  120  8:41  Supply Depot  
  120  8:51  Marine x3  
  120  8:52  Marauder, Marine  
  126  9:01  Siege Tank  
  129  9:03  Medivac x2  
  129  9:04  Marine  
  129  9:07  SCV x3  
  129  9:08  Terran Infantry Weapons Level 2, Marine  
  129  9:09  Marine, Terran Infantry Armor Level 2  
  139  9:14  Factory, Marauder  
  139  9:15  Planetary Fortress, Starport  
  140  9:18  Missile Turret  
  140  9:20  SCV x3  
  143  9:27  SCV  
  144  9:31  Marine  
  144  9:32  Marine x2  
  144  9:33  Barracks Reactor  
  144  9:34  Barracks Reactor  
  144  9:35  Supply Depot  
  144  9:38  Supply Depot, Medivac x2  
  147  9:40  Marine  
  152  9:49  Marine  
  152  9:52  Marine x2  
  154  9:58  Marine  
  156  10:07  Marine  
  156  10:09  Marine  
  156  10:11  Marauder  
  160  10:16  Marauder  
  160  10:17  Refinery  
  160  10:18  Refinery  
  160  10:20  Supply Depot  
  162  10:21  Missile Turret  
  162  10:22  Supply Depot  
  162  10:24  Supply Depot x2  
  162  10:27  Marine x2  
  164  10:31  Marine  
  164  10:32  Marauder  
  167  10:38  Marauder  
  163  10:49  Marine  
  161  10:50  Marine x2  
  161  10:53  Marauder  
  165  10:59  Marauder  
  160  11:09  Marine  
  160  11:10  Marine x5  
  163  11:15  Marauder  
  156  11:21  Marauder  
  156  11:24  SCV x2  
  160  11:27  Marine  
  160  11:28  Marine x2  
  161  11:36  Marauder  
  163  11:42  Marauder  
  163  11:46  Marine  
  163  11:47  Marine x5  
  166  11:51  Liberator x2  
  169  11:58  Marauder  
  162  12:03  Marauder  
  162  12:04  Marine x3  
  162  12:05  Marine x3  
  162  12:07  Starport Tech Lab  
  163  12:09  Factory Tech Lab  
  163  12:10  Siege Tank  
  158  12:19  Marauder  
  158  12:22  Marine x6  
  155  12:25  Marauder  
  155  12:28  Barracks  
  155  12:29  Barracks  
  162  12:30  Barracks  
  162  12:31  Barracks  
  162  12:32  Barracks  
  162  12:34  Barracks x2  
  162  12:35  Cloaking Field  
  162  12:36  Banshee, Terran Infantry Weapons Level 3  
  162  12:37  Terran Infantry Armor Level 3  
  165  12:38  Terran Vehicle And Ship Armor Level 1  
  165  12:40  Marauder, Marine x6  
  165  12:41  Armory  
  173  12:46  Marauder  
  173  12:49  Siege Tank x2  
  181  12:53  Medivac x2  
  181  12:54  SCV  
  181  12:57  Marine  
  181  12:58  Marine x5  
  188  13:01  Marine  
  193  13:07  Marine  
  194  13:19  Marauder, Marine x2, Medivac  
  196  13:20  Marine x3  
  196  13:25  Barracks Tech Lab  
  196  13:26  Barracks Tech Lab x6  
  177  14:17  Command Center  
  153  14:44  Marine  
  153  14:45  Liberator x2, Marine x10  
  145  14:46  Marauder x2  
  147  14:57  Marine x2  
  147  14:59  Thor x2  
  161  15:01  Banshee  
  161  15:02  Marine x2  
  161  15:03  Marauder x2, Marine x6  
  161  15:04  Terran Vehicle And Ship Armor Level 2  
  161  15:05  Terran Vehicle Weapons Level 1  
  182  15:20  Hi-Sec Auto Tracking, Building Armor  
  182  15:21  Missile Turret  
  182  15:24  Refinery  
  182  15:25  Refinery  
  180  15:37  Marine  
  180  15:38  Marine x7  
  180  15:39  Marauder x3  
  184  15:43  Missile Turret  
  184  15:45  Command Center  
  176  15:52  Command Center  
  175  16:00  Missile Turret  
  175  16:12  Marine x13  
  175  16:13  Marauder x2  
  192  16:31  Marauder  
  194  16:39  Marine x2  
  190  16:40  Marauder x2  
  190  16:42  Marine  
  190  16:43  Marauder x2  
  173  17:14  Liberator  
  173  17:15  Liberator x2  
  111  17:17  Marine  
  111  17:18  Marauder, Marine x2  
  111  17:19  Marauder  
  90  17:27  Marine  
  90  17:28  Marine x6  
  90  17:29  Marauder x3  
  106  17:38  Marine x2  
  106  17:40  Marauder  
  110  17:47  Planetary Fortress  
  110  17:49  Marine x2  
  112  17:52  Thor x2  
  112  17:53  Terran Vehicle Weapons Level 2  
  112  17:56  Liberator  
  112  17:58  Armory  
  124  17:59  Marine  
  124  18:00  Marine  
  124  18:03  Marine x3  
  124  18:04  Marine x5  
  124  18:05  Marauder x3  
  123  18:22  Marauder  
  123  18:24  Liberator  
  123  18:25  Marine, Liberator  
  123  18:26  Marine x8  
  126  18:27  Marauder x5  
  131  18:34  Thor  
  131  18:39  Liberator  
  112  18:43  Marauder, Marine  
  112  18:44  Marine x7  
  120  18:52  Marine x5  
  102  19:01  Marine  
  102  19:02  Marine x4  
  102  19:03  Marine x2  
  102  19:04  Marine x2  
  102  19:07  Liberator x2  
  102  19:09  Marine  
  92  19:10  Marine x3  
  92  19:16  Orbital Command  
  84  19:19  Marine x2  
  84  19:22  Liberator  
  84  19:24  Marine  
  78  19:39  Marine x5  
  78  19:40  Marauder x3, Marine x2  
  78  19:41  Marauder  
  96  19:55  Marine  
  96  19:56  Marine  
  96  19:57  Marine x2  
  96  19:58  Marauder  
Show
View Real Time Build Order
Export as new Build Order

djsoke Zerg 

Build Orders: 3 Hatch before Pool 

Get SALT Encoding   

  12  0:01  Drone  
  13  0:15  Overlord  
  13  0:18  Drone  
  14  0:34  Drone x2  
  16  0:37  Drone  
  17  0:57  Hatchery  
  17  1:00  Drone x2  
  18  1:28  Hatchery  
  17  1:32  Spawning Pool  
  16  1:47  Drone x3  
  19  1:58  Overlord  
  19  2:16  Drone x2  
  19  2:19  Queen  
  19  2:21  Drone x2  
  25  2:22  Queen  
  27  2:30  Drone  
  27  2:32  Drone  
  29  2:40  Queen  
  29  2:42  Drone x2  
  29  2:43  Drone  
  33  2:59  Zergling x6  
  35  3:10  Drone  
  35  3:11  Drone x2  
  38  3:17  Drone x3  
  41  3:22  Extractor  
  40  3:47  Drone x2  
  42  3:49  Overlord x3  
  42  3:59  Extractor  
  42  4:01  Extractor  
  40  4:02  Extractor  
  40  4:04  Drone, Extractor x2  
  40  4:05  Drone x4  
  40  4:07  Drone x5  
  40  4:08  Drone  
  48  4:18  Drone x3  
  51  4:40  Drone x3  
  51  4:42  Drone x3  
  51  4:43  Drone  
  58  4:46  Overlord x3  
  58  4:48  Overlord  
  58  4:51  Lair  
  58  4:59  Roach Warren  
  57  5:07  Evolution Chamber, Drone x4  
  57  5:08  Drone  
  57  5:09  Evolution Chamber  
  57  5:11  Drone x3  
  63  5:14  Overlord x3  
  63  5:15  Overlord  
  63  5:27  Spore Crawler  
  62  5:31  Spore Crawler  
  62  5:35  Spore Crawler  
  60  5:45  Zerg Missile Weapons Level 1, Zerg Ground Armor Level 1  
  60  6:03  Roach x4  
  60  6:04  Roach x5  
  76  6:05  Roach x5  
  76  6:06  Roach  
  90  6:14  Drone x2  
  90  6:17  Drone x4  
  96  6:33  Glial Reconstitution  
  96  6:34  Hydralisk Den  
  96  6:36  Ravager x4  
  96  6:37  Ravager x6  
  96  6:38  Ravager x3  
  108  6:41  Overlord  
  108  6:42  Overlord x2  
  108  6:44  Overlord  
  108  6:52  Pneumatized Carapace  
  108  6:56  Overseer  
  108  7:04  Muscular Augments  
  108  7:09  Hydralisk x4  
  116  7:16  Hydralisk x2  
  120  7:25  Hydralisk x2  
  120  7:26  Hydralisk  
  126  7:34  Hydralisk x3  
  132  7:38  Hatchery  
  132  7:39  Ravager  
  132  7:44  Ravager  
  133  7:51  Hydralisk x2  
  137  8:09  Zerg Missile Weapons Level 2  
  137  8:13  Hatchery  
  137  8:14  Zerg Ground Armor Level 2  
  137  8:15  Overlord  
  137  8:16  Overlord x5  
  136  9:15  Infestation Pit  
  135  9:22  Drone x6  
  135  9:24  Drone x5  
  143  9:29  Overlord x3  
  146  9:55  Hive  
  146  10:29  Hydralisk  
  146  10:30  Hydralisk x5  
  146  10:31  Hydralisk x7  
  146  10:32  Hydralisk x8  
  146  10:33  Hydralisk x3  
  142  11:11  Zerg Missile Weapons Level 3  
  142  11:12  Zerg Ground Armor Level 3  
  142  11:28  Viper x2  
  142  11:29  Viper x3  
  157  11:33  Drone x4  
  157  11:34  Drone  
  157  11:35  Drone x4  
  147  12:16  Hatchery  
  147  12:19  Drone x3  
  147  12:20  Drone x2  
  148  12:23  Extractor x2  
  146  12:34  Roach Warren  
  146  12:37  Hydralisk Den  
  144  12:43  Ultralisk Cavern  
  143  12:45  Nydus Network  
  143  12:51  Drone x3  
  145  12:52  Drone x3  
  144  13:08  Drone  
  144  13:09  Drone  
  146  13:18  Viper  
  146  13:19  Viper x4  
  159  13:36  Roach  
  159  13:37  Roach x5  
  159  13:38  Roach x4  
  179  13:49  Zerg Melee Weapons Level 1  
  179  13:53  Extractor  
  179  13:55  Extractor  
  153  14:33  Chitinous Plating  
  142  14:51  Drone x3  
  145  15:14  Nydus Canal  
  145  15:16  Hatchery  
  132  15:45  Drone x3  
  132  15:46  Drone  
  136  15:50  Drone  
  136  15:51  Drone  
  138  16:13  Ultralisk  
  138  16:14  Ultralisk x7  
  138  16:15  Ultralisk x2  
  138  16:17  Zerg Melee Weapons Level 2  
  198  16:25  Hatchery  
  158  17:22  Ultralisk x7  
  187  17:23  Ultralisk x3  
  193  17:40  Overseer x2  
  189  17:55  Extractor x2  
  189  17:56  Hydralisk x2  
  168  18:18  Hydralisk x3  
  168  18:19  Hydralisk  
  138  18:39  Hydralisk  
  125  18:51  Hydralisk  
  91  19:08  Hydralisk  
  83  19:18  Drone x3  
  83  19:20  Drone x3  
  49  19:49  Overseer  
Tags
 
Add a new tag
Caveats
  • Supply blocks, unpowered buildings, or Contaminate may cause inaccurate times.
  • Supply counts are checked every 10 seconds.